 Dungeon Crawl Stone Soup version 0.32-a0-576-g706899e69d (webtiles) character file.

Game seed: 4441678147372076242

56 Aneyh the Ducker (level 3, -6/23 HPs)
             Began as a Tengu Monk on Mar 1, 2024.
             Killed by nerve-wracking pain
             ... invoked by Grinder
              (14 damage)
             ... on level 3 of the Dungeon.
             The game lasted 00:02:12 (2050 turns).

Aneyh the Ducker (Tengu Monk)                       Turns: 2050, Time: 00:02:15

Health: -6/23      AC:  6    Str: 11    XL:     3   Next: 95%
Magic:  3/4        EV: 14    Int: 10    God:
Gold:   54         SH:  0    Dex: 18    Spells: 0/2 levels left

rFire   . . .        a - +0 falchion
rCold   . . .        (no shield)
rNeg    . . .        b - +0 robe
rPois   .            l - +1 hat
rElec   .            (no cloak)
rCorr   .            g - +2 pair of gloves
SInv    .            (boots unavailable)
Will    .....        (no amulet)
Stlth   ++           (no ring)
HPRegen 0.23/turn    (no ring)
MPRegen 0.09/turn

%: acrobat
@: no status effects
A: beak, talons 3, acrobatic
a: no special abilities


You were on level 3 of the Dungeon.
You visited 1 branch of the dungeon, and saw 3 of its levels.

You collected 54 gold pieces.

Inventory:

Hand Weapons
 a - a +0 falchion (weapon)
Armour
 b - a +0 robe (worn)
 d - an orb of light
 g - a +2 pair of gloves (worn)
 l - a +1 hat (worn)
Scrolls
 e - a scroll of blinking {unknown}
 h - 5 scrolls of teleportation {unknown}
 i - a scroll of revelation {unknown}
 j - 2 scrolls of identify {unknown}
 n - a scroll of enchant weapon {unknown}
 o - a scroll of fog {unknown}
 p - a scroll of amnesia {unknown}
Potions
 c - a potion of ambrosia
 f - 2 potions of curing {unknown}
 k - a potion of cancellation {unknown}
 m - 2 potions of mutation {unknown}


   Skills:
 - Level 3.0 Fighting
 + Level 4.0 Long Blades
 * Level 4.5 Dodging
 * Level 0.4 Summonings


You couldn't memorise any spells.
You knew the following spells:

 Your Spells              Type           Power      Damage    Failure   Level
a - Call Imp              Summ           0%         N/A       43%         2

Your spell library contained the following spells:

 Spells                   Type           Power      Damage    Failure   Level
 Magic Dart               Conj           0%         1d3       36%         1
 Blink                    Tloc           0%         N/A       50%         2


Dungeon Overview and Level Annotations

Branches:
Dungeon (3/15)

Altars:

Shops:
D:2 ?

Annotations:
D:3 Grinder


Innate Abilities, Weirdness & Mutations

You have a beak for a mouth.
You have claws for feet.
You can magically evade attacks while moving or waiting.


Message History

You hit Grinder.
Grinder is moderately wounded.
Grinder hits you.
You writhe in agony.
Your cerulean imp closely misses Grinder.
You slash Grinder! Your kick misses Grinder.
Grinder is heavily wounded.
Grinder completely misses you.
Your cerulean imp misses Grinder.
You hit Grinder. You peck Grinder.
Grinder is heavily wounded.
Grinder grins, showing sharp teeth.
Grinder misses you.
Your cerulean imp closely misses Grinder.
You slash Grinder! You peck Grinder.
Grinder is almost dead.
Grinder gestures at you.
You suddenly lose the ability to move!
Your cerulean imp closely misses Grinder.
Grinder gestures at you. Pain shoots through your body!
Your cerulean imp misses Grinder.
Grinder says, "Wait up."
Grinder hits you but does no damage.
Your cerulean imp hits Grinder but does no damage.
Grinder hits your cerulean imp!
Your cerulean imp barely misses Grinder.
Grinder says, "There's only one good use for a tongue: cutting it out."
Grinder closely misses your cerulean imp.
Your cerulean imp hits Grinder but does no damage.
Grinder hits your cerulean imp.
Your cerulean imp dies!
Your cerulean imp disappears in a puff of smoke!
Grinder shouts!
You can move again.
You hit Grinder but do no damage. You peck Grinder, but do no damage.
Grinder is almost dead.
Grinder gestures at you. Pain shoots through your body!
Ouch! That really hurt!
You die...
Grinder says, "Now the real fun starts!"

#.. #)# ###.#
...##
###...###
..ยง....
#5..# #@# #.#
#.#
.########.##
...........##
..#####.###.#
#.# #.#
#.###.#
##...##


You could see Grinder.

Vanquished Creatures
  An adder (D:2)
  A dart slug (D:1)
  A ribbon worm (D:2)
  6 ball pythons (D:1)
  A bat (D:1)
  4 endoplasms
  A giant cockroach (D:1)
  3 goblins
  9 hobgoblins
  2 jackals (D:2)
  A frilled lizard (D:1)
  2 kobolds
  4 rats
36 creatures vanquished.

Notes
Turn   | Place    | Note
-------+----------+-------------------------------------------
     0 | D:1      | Aneyh the Tengu Monk began the quest for the Orb.
     0 | D:1      | Reached XP level 1. HP: 14/14 MP: 2/2
    91 | D:1      | Reached XP level 2. HP: 19/19 MP: 3/3
   249 | D:1      | Found a faded altar of an unknown god.
   488 | D:1      | Reached XP level 3. HP: 23/23 MP: 4/4
  1198 | D:2      | Learned a level 2 spell: Call Imp
  1793 | D:2      | Found Mahuxuz's Magic Scroll Shoppe.
  2031 | D:3      | Noticed Grinder
  2034 | D:3      | Paralysed by Grinder for 4 turns
  2045 | D:3      | Paralysed by Grinder for 5 turns
  2050 | D:3      | Killed from afar by Grinder

Illustrated notes

Levels and vault maps discovered:
D:1:      lightli_arrival_maybe_door_vault, layout_basic,
          nicolae_ecumenical_snake_handling, glass_columns_b,
          minmay_tiny_reverse_x
D:2:      layout_basic, serial_shops, shop, minmay_misc_feat_cross,
          minmay_misc_feat_alley
D:3:      layout_loops_ring, uniq_grinder

Skill      XL: |  1  2  3 |
---------------+----------+-----
Dodging        | 4 |  4.5
Long Blades    | 4 |  4.0
Fighting       | |  3.0
Summonings     | |  0.4

Action                     || total
---------------------------++-------
  Melee: Falchion          ||    80
         Kick              ||    16
         Peck              ||    11
   Cast: Call Imp          ||     1
   Stab: Sleeping          ||     5
 Armour: Robe              ||    50
  Dodge: Dodged            ||    75

Table legend: (Time is in decaauts)
 A = Elapsed time spent in this place.
 B = Non-inter-level travel time spent in this place.
 C = Inter-level travel time spent in this place.
 D = Time resting spent in this place.
 E = Time spent auto-exploring this place.
 F = Levels seen in this place.
 G = Mean time per level.
                   A        B        C        D        E       F      G
               +--------+--------+--------+--------+--------+-----+--------+
         Total |   2059 |   2015 |     44 |     43 |   1693 |   3 |  686.3 |
       Dungeon |   2059 |   2015 |     44 |     43 |   1693 |   3 |  686.3 |
               +--------+--------+--------+--------+--------+-----+--------+

Top non-repeatable levels by time:
     D:1: 1177 daAuts
     D:2: 776 daAuts
     D:3: 105 daAuts
